 Dungeon Crawl Stone Soup version 0.29.0-11-gd7f09526c8 (webtiles) character file.

Game seed: 561114515298173365

62 magipi the Covered (level 4, -2/40 HPs)
             Began as a Meteoran Fighter on Sept 2, 2022.
             Slain by a river rat (3 damage)
             ... in a sewer.
             The game lasted 00:04:12 (826 turns).

magipi the Covered (Meteoran Fighter)                Turns: 826, Time: 00:04:13

Health: -2/40      AC:  8    Str: 19    XL:     4   Next: 53%
Magic:  5/5        EV:  9    Int: 10    God:
Gold:   117        SH:  5    Dex: 13    Spells: 3/3 levels left

rFire   . . .      SeeInvis .   a - +0 war axe
rCold   . . .      Faith    .   c - +0 buckler
rNeg    . . .      Spirit   .   b - +0 scale mail
rPois   +          Reflect  .   i - +0 helmet
rElec   .          Harm     .   (no cloak)
rCorr   .          Rampage  .   (no gloves)
Will    .....                   (no boots)
Stlth   ..........              (no amulet)
HPRegen 0.13/turn               p - ring of poison resistance
MPRegen 0.09/turn               (no ring)

@: mighty, glowing
A: sense surroundings 1, otherworldly, glowing, explore regen
a: no special abilities


You were in a sewer.
You visited 1 branch of the dungeon, and saw 3 of its levels.
You also visited: Sewer.

You collected 117 gold pieces.

Inventory:

Hand Weapons
 a - a +0 war axe (weapon)
Armour
 b - a +0 scale mail (worn)
 c - a +0 buckler (worn)
 i - a +0 helmet (worn)
Jewellery
 p - a ring of poison resistance (left hand)
Wands
 j - a wand of iceblast (8)
Scrolls
 e - 4 scrolls of identify {unknown}
 h - a scroll of enchant weapon {unknown}
 k - a scroll of immolation {unknown}
 m - a scroll of amnesia {unknown}
Potions
 f - a potion of brilliance {unknown}
 g - 2 potions of attraction {unknown}
 l - a potion of mutation {unknown}
 n - a potion of haste {unknown}


   Skills:
 + Level 3.7 Fighting
 * Level 3.7 Axes
 + Level 4.1 Armour
 + Level 4.1 Shields
 + Level 0.5 Evocations


You had 3 spell levels left.
You didn't know any spells.
Your spell library contained the following spells:

 Spells                   Type           Power      Damage    Failure   Level
 Summon Small Mammal      Summ           0%         N/A       82%         1
 Call Canine Familiar     Summ           0%         N/A       99%         3
 Summon Guardian Golem    Hex/Summ       0%         N/A       99%         3


Dungeon Overview and Level Annotations

Branches:
Dungeon (3/15) Zot: 1005    Sewer (1/1) Zot: 506

Altars:


Innate Abilities, Weirdness & Mutations

You passively map a small area around you.
You are easily found by Zot.
You glow in the dark.
You regain HP and MP as you explore.


Message History

Unknown command.
You hit the endoplasm but do no damage.
The endoplasm is moderately wounded.
You hit the river rat but do no damage. You miss the adder.
The adder barely misses you. The endoplasm barely misses you.
The adder bites you but does no damage.
Unknown command.
Unknown command.
Unknown command.
You feel very mighty all of a sudden. The endoplasm closely misses you.
The river rat bites you.
* * * LOW HITPOINT WARNING * * *
The rat bites you but does no damage. The adder closely misses you.
Unknown command.
Unknown command.
Unknown command.
You closely miss the river rat.
The river rat is moderately wounded.
You slash the rat!
You kill the rat!
You miss the adder. You hit the endoplasm.
You kill the endoplasm!
The adder bites you.
* * * LOW HITPOINT WARNING * * *
The river rat barely misses you. You block the adder's attack.
Unknown command.
Unknown command.
You hit the adder.
The adder is severely wounded.
You completely miss the river rat. The river rat bites you.
* * * LOW HITPOINT WARNING * * *
You block the adder's attack. The river rat completely misses you.
Unknown command.
Unknown command.
Unknown command.
You miss the adder.
The adder is severely wounded.
You barely miss the river rat. The adder bites you but does no damage.
You block the adder's attack. The river rat bites you.
You die...

### *
...###
,......####
,
........##
, #.......#
, #...†r.##
, #..S@..#
##.~.~## ~
#≈≈~≈≈≈#
#≈≈~≈≈≈#
#≈≈~≈≈≈# ~
~ #≈≈~≈≈≈#
* #≈≈~≈≈≈#
~ #≈.†#≈≈#
#≈≈#†≈≈#


You could see an adder and a river rat.

Vanquished Creatures
  A river rat (Sewer)
  2 worms (D:3)
  A dart slug (D:1)
  9 ball pythons
  3 endoplasms
  2 giant cockroaches
  5 goblins (D:1)
  7 hobgoblins (D:1)
  4 bats
  A frilled lizard (D:1)
  12 rats
47 creatures vanquished.

Vanquished Creatures (others)
  3 plants (D:1)
3 creatures vanquished.

Grand Total: 50 creatures vanquished

Notes
Turn   | Place    | Note
-------+----------+-------------------------------------------
     0 | D:1      | magipi the Meteoran Fighter began the quest for the Orb.
     0 | D:1      | Reached XP level 1. HP: 19/19 MP: 2/2
    59 | D:1      | Reached XP level 2. HP: 24/26 MP: 3/3
   154 | D:1      | Reached XP level 3. HP: 31/31 MP: 4/4
   736 | D:3      | Found a glowing drain.
   744 | D:3      | Reached XP level 4. HP: 29/39 MP: 5/5
   760 | Sewer    | Entered a sewer
   825 | Sewer    | HP: 1/40 [river rat (4)]
   826 | Sewer    | Slain by a river rat

Illustrated notes

Levels and vault maps discovered:
D:1:      dpeg_arrival_connections, layout_basic, minmay_shallow_snake_nest
D:2:      layout_rooms, dk_noncrumbling_4, nicolae_elevator_lobby_asterisk
D:3:      layout_loops_cross, cheibrodos_sewer_entry_sluice,
          kennysheep_generic_room_2
Sewer:    sewer_minmay_w

Skill      XL: |  1  2  3 |
---------------+----------+-----
Axes           | 3 |  3.7
Armour         | 4 |  4.1
Shields        | 4 |  4.1
Fighting       | |  3.7
Evocations     | |  0.5

Action                   |  1- 3 |  4- 6 || total
-------------------------+-------+-------++-------
Melee: War axe           |    89 |    27 ||   116
  Use: Potion            |       |     1 ||     1
Armor: Scale mail        |    50 |    15 ||    65
Dodge: Dodged            |    38 |    14 ||    52
Block: Buckler           |    31 |     7 ||    38
